 Dungeon Crawl Stone Soup version 0.18-a0-20-gaede791 (webtiles) character file.

158 Oddball22 the Slasher (level 5, -2/61 HPs)
             Began as a Demonspawn Berserker on Nov 2, 2015.
             Was a Believer of Trog.
             Killed by divine providence
             ... invoked by an orc priest
              (13 damage)
             ... on level 3 of the Dungeon.
             The game lasted 00:06:43 (2719 turns).

Oddball22 the Slasher (Demonspawn Berserker)        Turns: 2719, Time: 00:06:43

Health: -2/61      AC: 10    Str: 22    XL:     5   Next: 16%
Magic:  5/5        EV: 13    Int:  9    God:    Trog [**....]
Gold:   67         SH:  0    Dex: 16    Spells: 0 memorised, 4 levels left

rFire  . . .     SeeInvis .     a - +0 falchion
rCold  + . .     Clarity  .     b - +0 animal skin
rNeg   . . .     SustAt   .     (no shield)
rPois  .         Gourm    .     C - +0 helmet
rElec  .         Spirit   .     (no cloak)
rCorr  .         Warding  .     (no gloves)
rMut   .         Stasis   .     (no boots)
MR     .....                    (no amulet)
Stlth  ..........               (no ring)
                                i - +5 ring of dexterity

@: berserking (expiring), very quick, not resistant to hostile enchantments,
extremely unstealthy
A: rough black scales 2, cold resistance 1
a: Berserk, Trog's Hand, Burn Spellbooks, Renounce Religion


You were on level 3 of the Dungeon.
You worshipped Trog.
Trog was pleased with you.
You were hungry.

You visited 1 branch of the dungeon, and saw 3 of its levels.

You collected 67 gold pieces.

Inventory:

Hand Weapons
 a - a +0 falchion (weapon)
 k - a +1 dagger of venom
 y - a +2 dagger of speed
Armour
 b - a +0 animal skin (worn)
 p - a +0 pair of gloves
 t - a +2 buckler of reflection
 x - a +1 buckler of positive energy
 C - a +0 helmet (worn)
Jewellery
 i - a +5 ring of dexterity (left hand)
 l - an uncursed amulet of resist mutation
Scrolls
 d - 4 scrolls of identify {unknown}
 e - 2 scrolls of amnesia {unknown}
 j - a scroll of magic mapping {unknown}
 m - a scroll of fear {unknown}
 n - a scroll of random uselessness {unknown}
 o - a scroll of enchant armour {unknown}
 q - a scroll of blinking {unknown}
 s - a scroll of fog {unknown}
 v - 2 scrolls of remove curse {unknown}
 w - a scroll of recharging {unknown}
 D - a scroll of noise {unknown}
Potions
 g - 3 potions of agility {unknown}
 h - 2 potions of heal wounds {unknown}
 r - a potion of haste {unknown}
 B - 2 potions of invisibility {unknown}
 E - a potion of curing {unknown}
Comestibles
 c - 2 bread rations
 u - a beef jerky
 z - a meat ration
 A - 4 chunks of flesh


   Skills:
 - Level 3.0 Fighting
 * Level 4.7 Long Blades
 - Level 1.7 Armour
 + Level 3.0 Dodging


You had 4 spell levels left.
You didn't know any spells.

Dungeon Overview and Level Annotations

Branches:
Dungeon (3/15)

Altars:


Innate Abilities, Weirdness & Mutations

You are mostly covered in rough black scales (AC +7, Dex -2).
Your flesh is cold resistant.


Message History

The orc barely misses you.
Items here: )) [ †† a dagger; a leather armour; a flail; an orc corpse; an orc corpse You barely miss the orc.
The orc completely misses you.
You slash the orc!
You kill the orc!
Trog accepts your kill.
You slash the orc priest!
The orc priest is almost dead.
The orc priest barely misses you.
You barely miss the orc priest.
The orc priest is severely wounded.
The orc priest closely misses you.
You closely miss the orc priest.
The orc priest is severely wounded.
You closely miss the orc priest.
The orc priest is severely wounded.
The orc priest mumbles some strange prayers to Beogh against you.
Something smites you!
You die...

..... .... ....
.. ..### .....
.... ..... #..
#######..... #o#
#.........# #@#
#.#.......#
#.#####.#.......#
#.....#.#.......#
#.......#.......#
#.......#.......#
#......##.......#
##########...####
#.### ##. #)# ...


You could see an orc priest.

Vanquished Creatures
  An orc priest (D:3)
  4 gnolls (D:3)
  2 adders (D:2)
  An ooze (D:2)
  3 worms
  3 orcs (D:3)
  2 ball pythons
  3 giant cockroaches
  8 goblins
  3 hobgoblins
  7 bats
  5 giant newts
  7 kobolds
  3 quokkas
  10 rats
62 creatures vanquished.

Notes
Turn   | Place    | Note
--------------------------------------------------------------
     0 | D:1      | Oddball22 the Demonspawn Berserker began the quest for the Orb.
     0 | D:1      | Reached XP level 1. HP: 18/18 MP: 1/1
   375 | D:1      | Gained mutation: You are partially covered in rough black scales (AC +4, Dex -1). [demonic ancestry]
   375 | D:1      | Reached XP level 2. HP: 16/24 MP: 2/2
  1191 | D:2      | Reached ** piety under Trog
  1314 | D:2      | Gained mutation: Your flesh is cold resistant. [demonic ancestry]
  1314 | D:2      | Reached XP level 3. HP: 29/29 MP: 3/3
  2227 | D:2      | Reached skill level 4 in Long Blades
  2319 | D:3      | Reached XP level 4. HP: 35/35 MP: 4/4
  2710 | D:3      | Gained mutation: You are mostly covered in rough black scales (AC +7, Dex -2). [demonic ancestry]
  2710 | D:3      | Reached XP level 5. HP: 19/41 MP: 5/5
  2719 | D:3      | Killed from afar by an orc priest

Vault maps used:
D:1:      dpeg_arrival_rooms_b
D:2:      minmay_misc_feat_rows
D:3:      lemuel_doored_altar, first_bread

Action                   |  1- 3 |  4- 6 || total
-------------------------+-------+-------++-------
Melee: Falchion          |   143 |    67 ||   210
Invok: Trog's Hand       |       |     2 ||     2
       Berserk           |       |     2 ||     2
  Use: Potion            |       |     1 ||     1
 Stab: Sleeping          |     7 |     1 ||     8
       Distracted        |     1 |       ||     1
  Eat: Chunk             |     4 |     3 ||     7
